 Dungeon Crawl Stone Soup version 0.19-a0-157-gbc558dc (webtiles) character file.

78 wvc the Skirmisher (level 4, -4/37 HPs)
             Began as a Mummy Monk on May 20, 2016.
             Slain by Crazy Yiuf
             ... wielding a +3 quarterstaff of chaos
              (11 damage)
             ... on level 2 of the Dungeon.
             The game lasted 00:03:10 (2256 turns).

wvc the Skirmisher (Mummy Monk)                     Turns: 2256, Time: 00:03:11

Health: -4/37      AC:  6    Str: 14    XL:     4   Next: 15%
Magic:  4/4        EV:  9    Int:  9    God:
Gold:   94         SH:  7    Dex: 15    Spells: 0 memorised, 3 levels left

rFire  x . .     SeeInvis .       - Unarmed
rCold  + . .     Gourm    .     f - +0 ring mail
rNeg   + + +     Faith    .     d - +0 shield
rPois  ∞         Spirit   .     (no helmet)
rElec  .         Dismiss  .     (no cloak)
rCorr  .         Reflect  .     (no gloves)
SustAt .         Harm     .     c - +0 pair of boots
MR     .....                    (no amulet)
Stlth  +.........               (no ring)
                                (no ring)

@: not resistant to hostile enchantments, very unstealthy
A: no food or potions, fire vulnerability, cold resistance 1, negative energy
resistance 3, torment resistance, unbreathing
a: no special abilities


You were on level 2 of the Dungeon.
You were not hungry.

You visited 1 branch of the dungeon, and saw 2 of its levels.

You collected 94 gold pieces.

Inventory:

Hand Weapons
 g - a +0 whip
 h - a +0 mace
Missiles
 a - 2 javelins (quivered)
Armour
 c - a +0 pair of boots (worn)
 d - a +0 shield (worn)
 f - a +0 ring mail (worn)
Scrolls
 b - a scroll of immolation
 e - 3 scrolls of identify
 i - a scroll of teleportation {unknown}


   Skills:
 - Level 3.8 Fighting
 + Level 1.0 Maces & Flails
 - Level 0.7 Armour
 - Level 3.1 Dodging
 - Level 1.5 Stealth
 - Level 0.2 Shields
 - Level 3.2 Unarmed Combat


You had 3 spell levels left.
You didn't know any spells.

Dungeon Overview and Level Annotations

Branches:
Dungeon (2/15)

Altars:

Annotations:
D:2 Crazy Yiuf


Innate Abilities, Weirdness & Mutations

You do not eat or drink.
Your flesh is vulnerable to fire.
You are immune to poison.
Your flesh is cold resistant.
You are immune to negative energy.
You are immune to unholy pain and torment.
You can survive without breathing.


Message History

Crazy Yiuf is severely wounded.
Crazy Yiuf says, "Scoff!"
Crazy Yiuf hits you with a quarterstaff of chaos!
Crazy Yiuf burns you.
You completely miss Crazy Yiuf.
Crazy Yiuf is severely wounded.
Crazy Yiuf closely misses you.
You closely miss Crazy Yiuf.
Crazy Yiuf is severely wounded.
You block Crazy Yiuf's attack.
You hit Crazy Yiuf.
Crazy Yiuf is almost dead.
Crazy Yiuf hits you with a quarterstaff of chaos!
* * * LOW HITPOINT WARNING * * *
You convulse.
* * * LOW HITPOINT WARNING * * *
You hit Crazy Yiuf but do no damage.
Crazy Yiuf is almost dead.
Crazy Yiuf hits you with a quarterstaff of chaos!
You die...

#.........#
######.#### ..##...#
..##.### ..##.####
........# ..##.#..##♣♣
### #.##.#.....♣♣
♣♣#..)#
............♣♣♣♣@g..(#
..##.#.......♣..♣#...#
..##.#......♣.♣♣♣ ###
........##♣♣♣♣♣
........# ..##.####
.....# ..#### ..# .%..


You could see Crazy Yiuf.

Vanquished Creatures
  3 adders
  An ooze (D:2)
  A worm (D:2)
  2 giant geckos
  2 giant cockroaches
  5 goblins
  4 hobgoblins (D:1)
  3 jackals (D:1)
  A quokka (D:2)
  3 bats (D:1)
  7 kobolds
  10 rats
42 creatures vanquished.

Notes
Turn   | Place    | Note
--------------------------------------------------------------
     0 | D:1      | wvc the Mummy Monk began the quest for the Orb.
     0 | D:1      | Reached XP level 1. HP: 18/18 MP: 1/1
   493 | D:1      | Reached XP level 2. HP: 3/24 MP: 2/2
  1583 | D:1      | Reached XP level 3. HP: 29/29 MP: 3/3
  2042 | D:2      | Reached XP level 4. HP: 34/37 MP: 4/4
  2085 | D:2      | Reached skill level 1 in Maces & Flails
  2246 | D:2      | Noticed Crazy Yiuf
  2256 | D:2      | Slain by Crazy Yiuf

Vault maps used:
D:1:      tarquinn_simple_flora_water_b, nrook_mini_backslash
D:2:      minmay_crystal_room, uniq_crazy_yiuf_cottage

Skill      XL: |  1  2  3  4 |
---------------+-------------+-----
Dodging        | 3 |  3.1
Maces & Flails | 1 |  1.0
Fighting       | |  3.8
Armour         | |  0.7
Stealth        | |  1.5
Shields        | |  0.2
Unarmed Combat | |  3.2

Action                   |  1- 3 |  4- 6 || total
-------------------------+-------+-------++-------
Melee: Unarmed           |   188 |    13 ||   201
Throw: Javelin           |       |     3 ||     3
  Use: Scroll            |     1 |       ||     1
 Stab: Distracted        |     1 |       ||     1
       Sleeping          |       |     1 ||     1
Armor: Robe              |     9 |       ||     9
       Ring mail         |    51 |     2 ||    53
Dodge: Dodged            |    69 |     9 ||    78
Block: Shield            |    38 |     1 ||    39
